 Dungeon Crawl Stone Soup version 0.26-a0-43-g20b394cb32 (webtiles) character file.

Game seed: 7603672679443958519

39 MarredHen the Caller (level 3, 0/20 HPs)
             Began as a Tengu Summoner on June 3, 2020.
             Succumbed to a worker ant's poison
             ... on level 2 of the Dungeon.
             The game lasted 00:04:35 (1790 turns).

MarredHen the Caller (Tengu Summoner)               Turns: 1790, Time: 00:04:36

Health: 0/20       AC:  4    Str:  8    XL:     3   Next: 45%
Magic:  3/7        EV: 13    Int: 16    God:
Gold:   72         SH:  0    Dex: 14    Spells: 6/7 levels left

rFire    . . .     SeeInvis .   b - +1 dagger
rCold    . . .     Gourm    .   (no shield)
rNeg     . . .     Faith    .   a - +1 robe
rPois    .         Spirit   .   (helmet restricted)
rElec    .         Reflect  .   (no cloak)
rCorr    .         Harm     .   e - +0 pair of gloves (curse)
MR       .....                  (boots unavailable)
Stlth    ++........             (no amulet)
HPRegen  0.06/turn              (no ring)
MPRegen  0.10/turn              (no ring)

@: lethally poisoned (0 -> -11)
A: beak, talons 3
a: no special abilities


You were on level 2 of the Dungeon.
You were not hungry.

You visited 1 branch of the dungeon, and saw 2 of its levels.

You collected 72 gold pieces.

Inventory:

Hand Weapons
 b - a +1 dagger (weapon)
Armour
 a - a +1 robe (worn)
 e - a cursed +0 pair of gloves (worn)
Jewellery
 i - a +4 ring of evasion
Scrolls
 f - a scroll of fear
 h - 2 scrolls of amnesia
Comestibles
 c - a ration


   Skills:
 * Level 0.8 Fighting
 + Level 2.3 Dodging
 + Level 2.0 Stealth
 + Level 2.5 Spellcasting
 + Level 5.5 Summonings


You had 6 spell levels left.
You knew the following spells:

 Your Spells              Type           Power        Failure   Level  Hunger
a - Summon Small Mammal   Summ           ###.         1%          1    #......

Your spell library contained the following spells:

 Spells                   Type           Power        Failure   Level  Hunger
 Call Imp                 Summ           ###.....     3%          2    ##.....
 Call Canine Familiar     Summ           ###.....     6%          3    ###....
 Summon Guardian Golem    Hex/Summ       ##......     19%         3    ###....
 Summon Ice Beast         Ice/Summ       ##......     54%         4    #####..
 Summon Lightning Spire   Summ/Air       ##......     54%         4    #####..


Dungeon Overview and Level Annotations

Branches:
Dungeon (2/15)

Altars:

Annotations:
D:2 Sigmund


Innate Abilities, Weirdness & Mutations

You have a beak for a mouth.
You have claws for feet.


Message History

Confirm with . or Enter, or press ? or * to list all spells.
* * * LOW HITPOINT WARNING * * *
You feel sick.
The worker ant bites your quokka but does no damage.
Casting: Summon Small Mammal (safe; 1% risk of failure)
Confirm with . or Enter, or press ? or * to list all spells.
* * * LOW HITPOINT WARNING * * *
You feel sick.
The worker ant barely misses your quokka.
Your quokka barely misses the worker ant.
The worker ant bites your quokka but does no damage.
* * * LOW HITPOINT WARNING * * *
You feel sick.
Your quokka bites the worker ant but does no damage.
The worker ant bites your quokka.
You aren't carrying any potions.
As you read the scroll labeled QOUCYNWEOWE, it crumbles to dust.
It is a scroll of identify.
i - a +4 ring of evasion You die...

######
############.....
#............####
#.#########...... #.#
#.##### #.# ******#.#
#.# *,,,,,.(# ##r#
*,**,####
####@##*****+*******
#.r.##,,,,,,,,,,,,,*#
#a##.#,,,,,,,,,,,,,*#
#r####,,,,,,,,,,,,,*#
#.# *,,,,,,8,,,,,,*#
#.# *,,,,**,**,,,,##
#.#***,,,,*,,,*,,,,#.
*#.#*,+,,,8,,8,,8,,,+.
**.#.*,*,,,,*,,,*,,,,##


You could see a worker ant and 2 friendly quokkas.

Vanquished Creatures
  An adder (D:2)
  An ooze (D:1)
  A dart slug (D:1)
  2 bats
  2 hobgoblins (D:1)
  2 kobolds (D:1)
  3 frilled lizards (D:1)
12 creatures vanquished.

Vanquished Creatures (collateral kills)
  3 dart slugs (D:1)
  3 bats (D:1)
  4 goblins (D:1)
  A hobgoblin (D:1)
  2 kobolds (D:1)
  A ball python (D:1)
  A rat (D:1)
15 creatures vanquished.

Grand Total: 27 creatures vanquished

Notes
Turn   | Place    | Note
-------+----------+-------------------------------------------
     0 | D:1      | MarredHen the Tengu Summoner began the quest for the Orb.
     0 | D:1      | Reached XP level 1. HP: 10/10 MP: 4/4
    23 | D:1      | Reached skill level 5 in Summonings
   157 | D:1      | Reached XP level 2. HP: 13/15 MP: 0/6
  1053 | D:1      | Reached XP level 3. HP: 17/20 MP: 3/7
  1660 | D:2      | Noticed Sigmund
  1789 | D:2      | HP: 1/20 [poisoned by a worker ant]
  1790 | D:2      | Succumbed to a worker ant's poison

Illustrated notes

Levels and vault maps discovered:
D:1:      tarquinn_simple_flora_water_c, layout_loops_ring, corner_web_ring
D:2:      layout_loops_ring, fiery_altar_vehumet, marbit_many_paths,
          kennysheep_generic_room_2, uniq_sigmund

Skill      XL: |  1 |
---------------+----+-----
Summonings     | 5 |  5.5
Fighting       | |  0.8
Dodging        | |  2.3
Stealth        | |  2.0
Spellcasting   | |  2.5

Action                   || total
-------------------------++-------
Melee: Dagger            ||    40
       Kick              ||    12
       Peck              ||     5
       Unarmed           ||     2
 Cast: Summon Small Mamm ||    65
  Use: Scroll            ||     7
       Potion            ||     1
 Stab: Sleeping          ||     1
  Eat: Chunk             ||     1
       Ration            ||     1
Armor: Robe              ||    14
Dodge: Dodged            ||    59

Table legend:
 A = Non-vault XP
 B = Vault XP
 C = Vault XP percentage of total XP
 D = Non-vault monster count
 E = Vault monster count
 F = Vault count percentage of total count
                 A         B        C        D         E       F
            +---------+---------+-------+---------+---------+-------
      Total |      56 |       0 |   0.0 |      27 |       0 |   0.0
            +---------+---------+-------+---------+---------+-------
        D:1 |      42 |       0 |   0.0 |      25 |       0 |   0.0
        D:2 |      14 |       0 |   0.0 |       2 |       0 |   0.0
            +---------+---------+-------+---------+---------+-------
